 Dungeon Crawl Stone Soup version 0.25-a0-942-g87a53962fc (webtiles) character file.

Game seed: 16117615795155893332, levelgen mode: deterministic

366 HoaS the Ruffian (level 6, -2/60 HPs)
             Began as a Gargoyle Berserker on May 7, 2020.
             Was a Priest of Trog.
             Slain by a red devil
             ... wielding a +0 trident
             ... summoned by a kobold demonologist
              (7 damage)
             ... on level 4 of the Dungeon.
             The game lasted 00:07:24 (3831 turns).

HoaS the Ruffian (Gargoyle Berserker)               Turns: 3831, Time: 00:07:24

Health: -2/60      AC:  9    Str: 22    XL:     6   Next: 68%
Magic:  6/6        EV: 11    Int:  8    God:    Trog [***...]
Gold:   144        SH:  0    Dex:  9    Spells: 5/5 levels left

rFire    . . .     SeeInvis .     - Unarmed
rCold    . . .     Gourm    .   (no shield)
rNeg     + . .     Faith    .   q - +0 ring mail
rPois    ∞         Spirit   .   (no helmet)
rElec    +         Reflect  .   (no cloak)
rCorr    .         Harm     .   (no gloves)
MR       .....                  (no boots)
Stlth    ..........             (no amulet)
HPRegen  0.20/turn              (no ring)
MPRegen  0.10/turn              (no ring)

@: berserking, very quick
A: negative energy resistance 1, electricity resistance, unbreathing,
petrification resistance, rot immunity, AC +4
a: Berserk, Trog's Hand, Renounce Religion


You were on level 4 of the Dungeon.
You worshipped Trog.
Trog was most pleased with you.
You were very hungry.

You visited 1 branch of the dungeon, and saw 4 of its levels.

You collected 144 gold pieces.

Inventory:

Missiles
 r - 3 poisoned darts (quivered)
Armour
 q - a +0 ring mail (worn)
Scrolls
 c - 4 scrolls of identify {unknown}
 e - a scroll of random uselessness {unknown}
 f - 4 scrolls of teleportation {unknown}
 g - 3 scrolls of enchant armour {unknown}
 i - a scroll of remove curse {unknown}
 l - a scroll of amnesia {unknown}
 n - a scroll of noise {unknown}
 p - a scroll of blinking {unknown}
 s - a scroll of enchant weapon {unknown}
Potions
 d - a potion of lignification {unknown}
 h - 2 potions of flight {unknown}
 j - 2 potions of curing {unknown}
 k - 3 potions of heal wounds {unknown}
 m - a potion of berserk rage {unknown}
 o - a potion of magic {unknown}
 t - a potion of haste
Comestibles
 a - 2 chunks of flesh
 b - 9 rations


   Skills:
 + Level 5.2 Fighting
 - Level 2.1 Armour
 - Level 1.5 Dodging
 * Level 6.2 Unarmed Combat


You had 5 spell levels left.
You didn't know any spells.
Your spell library was empty.

Dungeon Overview and Level Annotations

Branches:
Dungeon (4/15)
 Temple: D:4-7

Altars:


Innate Abilities, Weirdness & Mutations

You are resistant to torment.
Your stone body is resilient. (AC +4)
You are immune to poison.
You resist negative energy. (rN+)
You are resistant to electric shocks. (rElec)
You can survive without breathing.
You are immune to petrification.
You are immune to rotting.


Message History

The kobold demonologist is moderately wounded.
The sixfirhy closely misses you. The worker ant bites you.
* * * LOW HITPOINT WARNING * * *
You barely miss the kobold demonologist.
The kobold demonologist is moderately wounded.
The sixfirhy closely misses you.
The sixfirhy hits you but does no damage.
The kobold demonologist hits you but does no damage.
The red devil hits you from afar with a +0 trident.
* * * LOW HITPOINT WARNING * * *
You miss the kobold demonologist.
The kobold demonologist is moderately wounded.
The sixfirhy barely misses you. x2; The worker ant misses you.
The sixfirhy hits you.
* * * LOW HITPOINT WARNING * * *
The sixfirhy shocks you. You resist.
* * * LOW HITPOINT WARNING * * *
The kobold demonologist completely misses you.
The red devil hits you from afar with a +0 trident!
You die...

######.### #.##....
#........### #(...###
#..........# #..###
#..........# #.##
#........#.####### #.#
#......(.#..[....######
#.#
########...#....54....#
#.# ###...###K####.###.#
#######..##.@3.##...##.#
#.....#..##a####..#<.....
#...##.. ##..#####.## #
#5.5##$###..## .. #.
#..##..##..## .. #
#..#.###..## . #
#.##.##..## .......###
#.#:##.5## ........#
#.###§..#### .>...#..


You could see a kobold demonologist, a sixfirhy, a red devil, a worker ant and
an iron imp.

Vanquished Creatures
  A hound (D:4)
  2 orc wizards (D:3)
  Natasha (thrice) (D:3)
  A worker ant (D:4)
  8 adders
  2 oozes
  An adder skeleton (D:2)
  5 worms
  4 dart slugs
  3 leopard geckos
  7 orcs (D:3)
  4 giant cockroaches
  6 hobgoblins
  2 jackals (D:1)
  8 kobolds
  8 bats
  4 frilled lizards
  7 goblins
  4 rats
80 creatures vanquished.

Notes
Turn   | Place    | Note
-------+----------+-------------------------------------------
     0 | D:1      | HoaS the Gargoyle Berserker began the quest for the Orb.
     0 | D:1      | Reached XP level 1. HP: 14/14 MP: 1/1
   461 | D:1      | Reached XP level 2. HP: 19/19 MP: 2/2
   921 | D:1      | Reached XP level 3. HP: 24/24 MP: 3/3
  1474 | D:2      | Reached skill level 4 in Unarmed Combat
  1521 | D:2      | Reached ** piety under Trog
  1978 | D:2      | Reached XP level 4. HP: 29/29 MP: 4/4
  2683 | D:3      | Reached XP level 5. HP: 31/34 MP: 5/5
  2769 | D:3      | Reached skill level 5 in Unarmed Combat
  3226 | D:3      | Noticed Natasha
  3250 | D:3      | Killed Natasha
  3250 | D:3      | Reached XP level 6. HP: 16/40 MP: 6/6
  3259 | D:3      | Noticed Natasha
  3270 | D:3      | Killed Natasha
  3290 | D:3      | Reached skill level 5 in Fighting
  3505 | D:3      | Reached *** piety under Trog
  3581 | D:3      | Noticed Natasha
  3591 | D:3      | Killed Natasha
  3621 | D:4      | Reached skill level 6 in Unarmed Combat
  3776 | D:4      | Noticed a kobold demonologist
  3822 | D:4      | Noticed a sixfirhy
  3825 | D:4      | Noticed a red devil
  3831 | D:4      | Slain by a red devil

Levels and vault maps discovered:
D:1:      dpeg_arrival_pond, layout_basic
D:2:      layout_loops_corners
D:3:      layout_rooms, first_ration, st_stairs_9, uniq_natasha
D:4:      layout_rooms, minmay_manual_mandibuliform

Skill      XL: |  1  2  3  4  5  6 |
---------------+-------------------+-----
Unarmed Combat | 4 5 6 |  6.2
Fighting       | 4 5 |  5.2
Armour         | |  2.1
Dodging        | |  1.5

Action                   |  1- 3 |  4- 6 || total
-------------------------+-------+-------++-------
Melee: Unarmed           |   127 |   237 ||   364
       Punch             |       |     7 ||     7
Invok: Berserk           |       |     2 ||     2
       Trog's Hand       |       |     2 ||     2
 Stab: Distracted        |     1 |       ||     1
  Eat: Chunk             |     3 |     8 ||    11
Armor: Animal skin       |    37 |     5 ||    42
       Ring mail         |       |   101 ||   101
Dodge: Dodged            |    66 |   132 ||   198

Table legend:
 A = Non-vault XP
 B = Vault XP
 C = Vault XP percentage of total XP
 D = Non-vault monster count
 E = Vault monster count
 F = Vault count percentage of total count
                 A         B        C        D         E       F
            +---------+---------+-------+---------+---------+-------
      Total |     465 |      59 |  11.3 |      75 |       5 |   6.2
            +---------+---------+-------+---------+---------+-------
        D:1 |      44 |       0 |   0.0 |      23 |       0 |   0.0
        D:2 |      79 |       0 |   0.0 |      22 |       0 |   0.0
        D:3 |     261 |      41 |  13.6 |      27 |       3 |  10.0
        D:4 |      81 |      18 |  18.2 |       3 |       2 |  40.0
            +---------+---------+-------+---------+---------+-------
